 Dungeon Crawl Stone Soup version 0.24-b1-44-g37ad8b309f (webtiles) character file.

Game seed: 14674874978257298296, levelgen mode: deterministic

141 Mrkan the Skirmisher (level 5, -8/47 HPs)
             Began as a Draconian Monk on Oct 24, 2019.
             Was a Believer of Okawaru.
             Blown up by Ijyb (31 damage)
             ... with a disintegration bolt
             ... on level 3 of the Dungeon.
             The game lasted 00:06:29 (2110 turns).

Mrkan the Skirmisher (Draconian Monk)               Turns: 2110, Time: 00:06:29

Health: -8/47      AC:  6    Str: 14    XL:     5   Next: 3%
Magic:  5/5        EV: 13    Int: 10    God:    Okawaru [**....]
Gold:   181        SH:  0    Dex: 14    Spells: 4/4 levels left

rFire    . . .     SeeInvis .   j - +4 whip
rCold    . . .     Gourm    .   (no shield)
rNeg     . . .     Faith    .   (armour unavailable)
rPois    .         Spirit   .   (helmet restricted)
rElec    .         Reflect  .   (no cloak)
rCorr    .         Harm     .   f - +0 pair of gloves
MR       .....                  (no boots)
Stlth    ++........             (no amulet)
HPRegen  0.15/turn              (no ring)
MPRegen  0.09/turn              (no ring)

@: no status effects
A: unfitting armour, cold-blooded, AC +5
a: Heroism, Renounce Religion


You were on level 3 of the Dungeon.
You worshipped Okawaru.
Okawaru was pleased with you.
You were not hungry.

You visited 1 branch of the dungeon, and saw 3 of its levels.

You collected 181 gold pieces.

Inventory:

Hand Weapons
 a - a +0 spear
 j - a +4 whip (weapon)
Missiles
 h - a throwing net (quivered)
 k - 52 stones
 l - 27 poisoned darts
 r - 5 boomerangs
Armour
 f - a +0 pair of gloves (worn)
Jewellery
 q - a cursed amulet of inaccuracy {unknown}
Wands
 t - a wand of random effects (17)
Scrolls
 d - 2 scrolls of remove curse {unknown}
 g - a scroll of random uselessness {unknown}
 m - 3 scrolls of teleportation {unknown}
 o - a scroll of identify {unknown}
 p - 2 scrolls of enchant armour {unknown}
 u - a scroll of fog {unknown}
Potions
 c - a potion of berserk rage {unknown}
 e - 2 potions of curing {unknown}
 i - a potion of resistance {unknown}
 n - 2 potions of heal wounds {unknown}
Comestibles
 b - 4 rations
 s - 7 chunks of flesh


   Skills:
 + Level 4.5 Fighting
 * Level 3.3 Maces & Flails
 - Level 3.2 Polearms
 - Level 2.8 Dodging
 - Level 1.8 Stealth


You had 4 spell levels left.
You didn't know any spells.
Your spell library was empty.

Dungeon Overview and Level Annotations

Branches:
Dungeon (3/15)

Altars:
Cheibriados
Elyvilon
Okawaru
Qazlal
Wu Jian
The Shining One

Annotations:
D:3 Ijyb


Innate Abilities, Weirdness & Mutations

Your plain brown scales are hard. (AC +5)
You cannot fit into any form of body armour.
You are cold-blooded and may be slowed by cold attacks.


Message History

You closely miss Ijyb.
Ijyb is moderately wounded.
The bat misses you. Ijyb hits you but does no damage.
You hit Ijyb.
Ijyb is heavily wounded.
The bat hits you but does no damage. Ijyb hits you but does no damage.
You hit Ijyb.
Ijyb is severely wounded.
The bat hits you but does no damage. Ijyb hits you but does no damage.
You hit Ijyb but do no damage.
Ijyb is severely wounded.
The bat hits you but does no damage. Ijyb misses you. The bat misses you.
You hit Ijyb.
Ijyb is almost dead.
The bat hits you but does no damage.
Ijyb zaps a wand.
You barely resist. You hit Ijyb. You tail-slap Ijyb, but do no damage.
Ijyb is almost dead.
The bat misses you.
Ijyb zaps a wand.
You are blasted!
Ouch! That really hurt!
You die...

#### .... ##
### #### #!.
... ...
#..###.# ###
#$.g@b.#
#.##.### #.
#.#
#.##.#####.#
## #.#........
#.###.........
#.#.#######)#
#.## #.#


You could see Ijyb and a bat.

Vanquished Creatures
  An orc priest (D:3)
  Terence (D:2)
  An adder (D:3)
  A dart slug (D:1)
  A leopard gecko (D:3)
  9 orcs (D:3)
  7 bats
  2 giant cockroaches (D:3)
  7 hobgoblins
  6 jackals
  3 ball pythons
  5 frilled lizards
  4 goblins
  10 kobolds
  3 rats
61 creatures vanquished.

Notes
Turn   | Place    | Note
-------+----------+-------------------------------------------
     0 | D:1      | Mrkan the Draconian Monk began the quest for the Orb.
     0 | D:1      | Reached XP level 1. HP: 19/19 MP: 1/1
   266 | D:1      | Reached XP level 2. HP: 17/26 MP: 2/2
   743 | D:1      | Reached skill level 1 in Maces & Flails
   988 | D:2      | Reached XP level 3. HP: 32/33 MP: 3/3
   991 | D:2      | Found a white marble altar of Elyvilon.
  1002 | D:2      | Found an iron altar of Okawaru.
  1003 | D:2      | Found a snail-covered altar of Cheibriados.
  1004 | D:2      | Found an ornate altar of the Wu Jian Council.
  1004 | D:2      | Found a stormy altar of Qazlal.
  1004 | D:2      | Found a glowing golden altar of the Shining One.
  1017 | D:2      | Became a worshipper of Warmaster Okawaru
  1017 | D:2      | Reached * piety under Okawaru
  1017 | D:2      | Reached ** piety under Okawaru
  1080 | D:2      | Noticed Terence
  1107 | D:2      | Killed Terence
  1107 | D:2      | Reached skill level 4 in Fighting
  1465 | D:2      | Noticed a phantom
  1533 | D:3      | Reached XP level 4. HP: 34/40 MP: 4/4
  1957 | D:3      | Reached XP level 5. HP: 47/47 MP: 5/5
  2094 | D:3      | Noticed Ijyb
  2110 | D:3      | Blown up by Ijyb

Skill      XL: |  1  2  3  4 |
---------------+-------------+-----
Maces & Flails | 1 2 3 |  3.3
Fighting       | 4 |  4.5
Polearms       | |  3.2
Dodging        | |  2.8
Stealth        | |  1.8

Action                   |  1- 3 |  4- 6 || total
-------------------------+-------+-------++-------
Melee: Spear             |    24 |       ||    24
       Whip              |    75 |    95 ||   170
       Tailslap          |    12 |    12 ||    24
 Stab: Sleeping          |     3 |     1 ||     4
  Eat: Chunk             |     1 |     3 ||     4
Armor: Skin              |    21 |    28 ||    49
Dodge: Dodged            |    59 |    59 ||   118
